AoeStats
← Nichelson3360

Nomad

510220121Analyzed
4v4 RM · 20h ago on Sep 30, 2026· 41m 14s· 8 players
Game mode
Random Map
Map size
231×231
Population
200
Speed
Normal
Resources
Standard
Victory
Conquest
Starting age
Dark Age
Ending age
Imperial Age
RankedLock teamsTeams togetherTeam positionsShared explorationLock speedFull tech treeHidden civsTurbo modeCheats
Victory
Defeat
🇲🇽 Dravidians · Mexico
1571
+3
🇺🇸 Persians · United States
1103
+17
🇺🇸 Japanese · United States
1040
+19
🇦🇷 Tatars · Argentina
990
+21
🇲🇽 Muisca · Mexico
1243
-20
🇨🇱 Maya · Chile
1155
-15
🇨🇱 Chinese · Chile
1130
-14
🇲🇽 Japanese · Mexico
1064
-11
El Cachorro
5:02 Loom
14:19 Feudal Age
18:08 Castle Age
16:00 Double-Bit Axe
16:10 Gold Mining
20:44 Bow Saw
23:44 Scale Mail Armor
23:54 Squires
24:53 Fletching
29:16 Bodkin Arrow
Santo Cipriano
3:46 Loom
17:10 Feudal Age
18:19 Horse Collar
20:23 Man-at-Arms
25:29 Double-Bit Axe
26:48 Arson
31:40 Castle Age
30:42 Forging
36:12 Elite Skirmisher
37:45 Pikeman
39:14 Padded Archer Armor
39:23 Thumb Ring
40:31 Iron Casting
40:28 Leather Archer Armor
40:59 Scale Mail Armor
Nichelson3360
3:15 Loom
14:29 Feudal Age
20:51 Fletching
26:28 Fishing Lines
29:00 Castle Age
30:38 Wheelbarrow
TheroZeuS Biri Biri
3:57 Loom
13:58 Feudal Age
15:17 Wheelbarrow
14:31 Double-Bit Axe
15:29 Gold Mining
19:32 Horse Collar
21:50 Town Watch
27:06 Castle Age
26:00 Arson
26:29 Forging
27:13 Pikeman
27:57 Squires
27:59 Scale Mail Armor
[ATARB] ExDic Nicolas Maduro
3:41 Loom
14:39 Feudal Age
23:42 Double-Bit Axe
27:40 Fletching
36:32 Castle Age
35:13 Horse Collar
35:47 Gold Mining
35:52 Stone Mining
38:08 Scale Mail Armor
38:19 Forging
39:39 Chain Mail Armor
41:15 Wheelbarrow
VENÓN | Behemoth
9:40 Loom
12:12 Feudal Age
14:01 Double-Bit Axe
14:55 Wheelbarrow
20:59 Castle Age
20:41 Fishing Lines
21:04 Fletching
21:15 Padded Archer Armor
21:32 Crossbowman
24:06 Bodkin Arrow
28:32 Leather Archer Armor
30:41 Horse Collar
31:18 Hand Cart
32:54 Gold Mining
38:02 Imperial Age
35:18 Town Watch
37:38 Scale Mail Armor
38:15 Ballistics
38:05 Masonry
38:55 Bracer
38:16 Arbalester
39:58 Chemistry
40:12 Forging
40:04 Squires
39:49 Arson
40:00 Stone Mining
40:27 Thumb Ring
40:57 Conscription
TheYolis
3:20 Loom
14:46 Feudal Age
20:00 Castle Age
18:41 Double-Bit Axe
18:37 Horse Collar
21:02 Bow Saw
25:23 Wheelbarrow
24:43 Gold Mining
25:35 Scale Barding Armor
26:10 Stone Mining
26:44 Bloodlines
30:25 Hand Cart
30:44 Forging
35:31 Chain Barding Armor
39:39 Gold Shaft Mining
41:41 Iron Casting
jimmi
4:37 Loom
14:01 Feudal Age
18:21 Gold Mining
23:29 Castle Age
22:41 Scale Barding Armor
22:39 Double-Bit Axe
22:57 Horse Collar
23:48 Stone Mining
24:24 Padded Archer Armor
24:44 Fletching
26:19 Leather Archer Armor
30:57 Wheelbarrow
30:07 Town Watch
32:04 Bodkin Arrow
35:52 Silk Armor
37:27 Bow Saw
38:14 Chain Barding Armor
37:55 Scale Mail Armor
38:06 Forging
38:19 Elite Skirmisher
38:19 Crossbowman
39:36 Heavy Plow
42:28 Iron Casting
Connection lost

Rejoining the realm…

Still unreachable

The connection could not be restored.

Session expired

The server has moved on; the page needs a fresh start.